AoeStats
← Dande1987

Four Lakes

510194372Analyzed
1v1 RM · 2d ago on Sep 29, 2026· 59m 43s· 2 players
Game mode
Random Map
Map size
Tiny (2 player)
Population
200
Speed
Normal
Resources
Standard
Victory
Conquest
Starting age
Dark Age
Ending age
Imperial Age
RankedLock teamsTeams togetherTeam positionsShared explorationLock speedFull tech treeHidden civsTurbo modeCheats
Victory
Defeat
🇪🇸 Dravidians · Spain
591
+15
🇮🇹 Turks · Italy
576
-15
Canovaking
10:02 Loom
11:52 Feudal Age
13:30 Wheelbarrow
12:42 Town Watch
12:40 Fishing Lines
12:56 Double-Bit Axe
21:16 Gold Mining
21:16 Stone Mining
23:07 Padded Archer Armor
25:12 Castle Age
23:44 Horse Collar
25:50 Gillnets
26:29 Hand Cart
26:15 Town Patrol
26:20 Heavy Plow
26:31 Bow Saw
27:19 Gold Shaft Mining
34:04 Imperial Age
33:19 Leather Archer Armor
33:57 Ballistics
37:30 Elite Janissary
39:54 Ring Archer Armor
39:36 Forging
39:26 Scale Mail Armor
39:32 Scale Barding Armor
39:18 Fletching
40:17 Sipahi
48:43 Parthian Tactics
47:39 Heavy Cavalry Archer
48:26 Thumb Ring
49:47 Artillery
50:09 Conscription
50:29 Hoardings
50:06 Husbandry
50:17 Bloodlines
49:28 Heavy Camel Rider
50:15 Bodkin Arrow
50:56 Iron Casting
50:36 Chain Mail Armor
50:42 Chain Barding Armor
Dande1987
2:11 Loom
3:05 Loom
10:24 Feudal Age
10:48 Fishing Lines
11:08 Double-Bit Axe
13:10 Wheelbarrow
14:20 Horse Collar
15:13 Town Watch
14:57 Man-at-Arms
15:36 Stone Mining
15:40 Gold Mining
16:31 Arson
22:36 Castle Age
21:27 Scale Mail Armor
22:19 Forging
22:01 Fletching
22:12 Padded Archer Armor
22:18 Scale Barding Armor
22:40 Pikeman
22:41 Long Swordsman
23:15 Gambesons
23:47 Bow Saw
23:40 Heavy Plow
23:36 Gillnets
24:50 Chain Mail Armor
25:10 Iron Casting
24:53 Squires
26:36 Chain Barding Armor
27:38 Hand Cart
28:24 Masonry
28:10 Murder Holes
29:36 Town Patrol
30:18 Leather Archer Armor
29:59 Bodkin Arrow
30:01 Heated Shot
30:32 Ballistics
31:27 Guard Tower
31:47 Fortified Wall
31:55 Clinker Construction
32:02 Careening
31:58 Siphons
32:46 Medium Warships
33:51 Medical Corps
33:58 Thumb Ring
33:16 Elite Skirmisher
36:49 Husbandry
37:09 Light Cavalry
42:11 Imperial Age
39:43 Crossbowman
43:30 Hoardings
44:28 Elite Elephant Archer
44:29 Arbalester
44:32 Two-Handed Swordsman
45:30 Guilds
44:49 Halberdier
46:04 Plate Mail Armor
46:34 Blast Furnace
45:35 Bracer
45:25 Arrowslits
46:51 Chemistry
46:27 Ring Archer Armor
45:22 Champion
48:53 Wootz Steel
49:00 Bombard Tower
49:16 Keep
48:32 Elite Urumi Swordsman
51:56 Onager
51:56 Siege Elephant
52:01 Heavy Scorpion
Connection lost

Rejoining the realm…

Still unreachable

The connection could not be restored.

Session expired

The server has moved on; the page needs a fresh start.